cohdb
Replays
Latest Replays
All Replays
Popular Replays
Top Player Replays
Match Explorer
How It Works
Community
CoH3 Stats
Reddit
Sign in to upload your games and track your stats! →
Sign in with Steam
Match 45344779
Unlisted
Match 45344779
Overview
Messages
Build Orders
End
Construct Infanterie Kompanie
Selects Breakthrough Battlegroup
MG 42 Machine Gun Team
GrW 34 Mortar Team
Grenadier Squad
Grenadier Squad
Construct Panzergrenadier Kompanie
Medical Bunker
251 Medium Carrier
Selects Rapid Production
Pak 40 Anti-tank Gun Team
Panzergrenadier Squad
Panzergrenadier Officer Quarters
Support Elements
Panzergrenadier Squad
Pioneer Squad
Construct Panzer Kompanie
Selects Blitzkrieg
Forward Retreat Point
Panzer IV Medium Tank
Panzer IV Medium Tank
Panzer Officer Quarters
Blitzkrieg
Side Skirts
Selects Tiger Heavy Tank
Súp phờ rinh
ProxyFox
Personal Iroha Cushion
TacticalVanguard
PlammX
Kakamora
Carecup
papa smurf
0
0
Comments
sign in to comment!
No comments posted yet!